 Dungeon Crawl Stone Soup version 0.25-a0-517-gf8b3a32422 (webtiles) character file.

Game seed: 1391586724712102012, levelgen mode: classic

312 EnegeticOcto the Covered (level 6, 37/55 HPs)
             Began as a Deep Dwarf Fighter on Feb 17, 2020.
             Was an Initiate of Makhleb.
             Quit the game on level 3 of the Dungeon.
             The game lasted 00:01:09 (661 turns).

EnegeticOcto the Covered (Deep Dwarf Fighter)        Turns: 661, Time: 00:01:10

Health: 37/55      AC:  7    Str: 21    XL:     6   Next: 18%
Magic:  4/4        EV:  7    Int:  9    God:    Makhleb [......]
Gold:   125        SH: 10    Dex: 12    Spells: 5/5 levels left

rFire    . . .     SeeInvis .   a - +0 war axe
rCold    . . .     Gourm    +   c - +0 kite shield
rNeg     . . .     Faith    .   b - +0 scale mail
rPois    .         Spirit   .   (no helmet)
rElec    .         Reflect  .   (no cloak)
rCorr    .         Harm     .   (no gloves)
MR       .....                  (no boots)
Stlth    ..........             m - amulet of the gourmand
HPRegen  0.00/turn              j - -3 ring of evasion (curse)
MPRegen  0.09/turn              (no ring)

@: non-regenerating
A: damage resistance, heal wounds, sense surroundings 1, no regeneration
a: Heal Wounds, Renounce Religion


You were on level 3 of the Dungeon.
You worshipped Makhleb.
Makhleb was noncommittal.
You were very full.

You visited 1 branch of the dungeon, and saw 3 of its levels.

You collected 125 gold pieces.

Inventory:

Hand Weapons
 a - a +0 war axe (weapon)
Armour
 b - a +0 scale mail (worn)
 c - a +0 kite shield (worn)
Jewellery
 j - a cursed -3 ring of evasion (left hand)
 m - an amulet of the gourmand (around neck)
Scrolls
 d - 2 scrolls of teleportation {@r2}
 f - a scroll of remove curse {unknown}
 g - a scroll of identify {@r1}
 l - a scroll of amnesia {unknown}
Potions
 h - 3 potions of curing {@q1}
 i - a potion of resistance {unknown}
 k - a potion of might {@q3}
Comestibles
 e - 2 rations


   Skills:
 + Level 2.6 Fighting
 - Level 2.1 Axes
 + Level 4.8 Armour
 * Level 4.6 Dodging
 + Level 4.7 Shields
 + Level 0.0 Invocations


You had 5 spell levels left.
You didn't know any spells.
Your spell library was empty.

Dungeon Overview and Level Annotations

Branches:
Dungeon (3/15)

Altars:
Dithmenos
Makhleb


Innate Abilities, Weirdness & Mutations

You are resistant to damage.
You can heal yourself by infusing magical energy.
You passively map a small area around you.
You do not regenerate.


Message History

You barely miss the orc.
The orc is severely wounded.
You hit the worm.
You hit the orc wizard but do no damage.
The orc wizard hits you but does no damage.
You block the orc's attack. The worm bites you.
You block the orc wizard's attack.
Your shield prevents you from hitting the worm.
The worm is almost dead.
You slash the orc wizard! You hit the orc.
You kill the orc!
The orc wizard mumbles some strange words.
The orc wizard blinks!
The worm bites you.
You completely miss the worm.
The worm is severely wounded.
You barely miss the orc wizard.
The orc wizard is severely wounded.
You barely miss the worm. You block the worm's attack.
The orc wizard hits you but does no damage.
You slash the orc wizard!
You kill the orc wizard!
You hit the worm but do no damage. You block the worm's attack.
You hit the worm.
The worm is almost dead.
You block the worm's attack.
You hit the worm.
The worm is almost dead.
The worm bites you.
You hit the worm but do no damage.
The worm is almost dead.
The worm barely misses you.
You barely miss the worm.
The worm is almost dead.
The worm bites you.
You slash the worm!
You kill the worm!
No target in view!
No target in view!
No target in view!
No target in view!
No target in view!
No target in view!
No target in view!
g - a scroll of identify {@r1}
Items here: ))) [[[ †
Items here: ) [[ † a +0 dagger; a +0 robe; a +0 leather armour; an orc corpse
l - a scroll labeled UNAJOU NUURI A bat comes into view.
The bat moves out of view.
The bat is too close now for your liking.
A bat is nearby!
A bat is nearby!
The bat hits you but does no damage.
You closely miss the bat. You block the bat's attack. x2
You block the bat's attack.
You slash the bat!
You kill the bat!
No target in view!
No target in view!
No target in view!
No target in view!
No target in view!
No target in view!
No target in view!
No target in view!
Found a scale mail and 15 sling bullets.
Found a stone staircase leading down.
A quokka comes into view.
A quokka is nearby!
A quokka is nearby!
A quokka is nearby!
The quokka bites you but does no damage. x2
You barely miss the quokka. The quokka closely misses you.
You hit the quokka.
You kill the quokka!
No target in view!
No target in view!
No target in view!
No target in view!
No target in view!
No target in view!
No target in view!
No target in view!
No target in view!
You see here a quokka corpse.
Found a burning altar of Makhleb.
Found a human corpse.
No target in view!
No target in view!
No target in view!
No target in view!
There is a burning altar of Makhleb here.
You kneel at the altar of Makhleb.
Makhleb welcomes you!
Unknown command.
Press < or > to pray at altars.
Are you sure you want to abandon this character and quit the game? (Confirm with "yes".)
Okay, then.
Are you sure you want to abandon this character and quit the game? (Confirm with "yes".)

#†## ##.## #..†#
#.####...# #....
###.###..#####..#
##...###.#......#
#..#..##†..###..#
##.###..#.###
#..#
##...##.....#
#..#
#..†.###....#
##.. #.@.##
#....# ### ##∩##
##..## ### ##..
### ###. ....
##*#### *. #. #.
#.


There were no monsters in sight!

Vanquished Creatures
  A centaur (D:3)
  A hound (D:3)
  3 orc wizards (D:3)
  A worker ant (D:2)
  3 gnolls (D:3)
  3 adders
  A worm (D:3)
  A dart slug (D:1)
  A leopard gecko (D:3)
  6 orcs (D:3)
  5 giant cockroaches
  2 goblins
  3 hobgoblins
  2 kobolds (D:2)
  A quokka (D:3)
  5 bats
  3 frilled lizards
  3 rats
45 creatures vanquished.

Notes
Turn   | Place    | Note
-------+----------+-------------------------------------------
     0 | D:1      | EnegeticOcto the Deep Dwarf Fighter began the quest for the
                  | Orb.
     0 | D:1      | Reached XP level 1. HP: 20/20 MP: 1/1
   110 | D:1      | Reached skill level 1 in Dodging
   166 | D:2      | Noticed a worker ant
   180 | D:2      | Killed a worker ant
   180 | D:2      | Reached XP level 2. HP: 21/27 MP: 2/2
   180 | D:2      | Reached XP level 3. HP: 26/33 MP: 3/3
   216 | D:2      | Found a shadowy altar of Dithmenos.
   229 | D:2      | Found a faded altar of an unknown god.
   406 | D:3      | Reached XP level 4. HP: 25/40 MP: 4/4
   522 | D:3      | Noticed a centaur
   536 | D:3      | Reached XP level 5. HP: 40/46 MP: 4/4
   550 | D:3      | Killed a centaur
   587 | D:3      | Reached XP level 6. HP: 48/55 MP: 4/4
   653 | D:3      | Found a burning altar of Makhleb.
   660 | D:3      | Became a worshipper of Makhleb the Destroyer
   661 | D:3      | Quit the game

Levels and vault maps discovered:
D:1:      scummos_arrival_star, layout_basic
D:2:      layout_rooms, grunt_dithmenos_smoke,
          chequers_ecumenical_altar_simple_redux, glass_columns_a,
          solitary_fountain
D:3:      layout_rooms, makhleb_blood_cavern_becter

Skill      XL: |  1  2  3  4  5 |
---------------+----------------+-----
Dodging        | 2 3 4 |  4.6
Armour         | 4 |  4.8
Shields        | 4 |  4.7
Fighting       | |  2.6
Axes           | |  2.1

Action                   |  1- 3 |  4- 6 || total
-------------------------+-------+-------++-------
Melee: War axe           |    63 |   103 ||   166
 Abil: Heal Wounds       |       |     5 ||     5
  Use: Scroll            |     3 |       ||     3
  Eat: Chunk             |       |    17 ||    17
Armor: Scale mail        |    43 |    73 ||   116
Dodge: Dodged            |    19 |    26 ||    45
Block: Kite shield       |    39 |    64 ||   103

Table legend:
 A = Non-vault XP
 B = Vault XP
 C = Vault XP percentage of total XP
 D = Non-vault monster count
 E = Vault monster count
 F = Vault count percentage of total count
                 A         B        C        D         E       F
            +---------+---------+-------+---------+---------+-------
      Total |     404 |      42 |   9.4 |      44 |       1 |   2.2
            +---------+---------+-------+---------+---------+-------
        D:1 |      10 |       0 |   0.0 |       5 |       0 |   0.0
        D:2 |      72 |       0 |   0.0 |      11 |       0 |   0.0
        D:3 |     322 |      42 |  11.5 |      28 |       1 |   3.4
            +---------+---------+-------+---------+---------+-------
